 Dungeon Crawl Stone Soup version 0.17-a0-1842-gacc33f2 (webtiles) character file.

22563 shakdrar the Grappler (level 12, -5/118 HPs)
             Began as a Troll Monk on Sept 17, 2015.
             Was the Champion of Makhleb.
             Slain by a blink frog (17 damage)
             ... on level 4 of the Lair of Beasts.
             The game lasted 00:44:32 (11522 turns).

shakdrar the Grappler (Troll Monk)                 Turns: 11522, Time: 00:44:32

Health: -5/118     AC: 10    Str: 25    XL:     12   Next: 64%
Magic:  18/18      EV: 10    Int: 10    God:    Makhleb [******]
Gold:   685        SH:  0    Dex: 14    Spells: 0 memorised, 11 levels left

rFire  . . .     SeeInvis +       - Unarmed
rCold  + . .     Clarity  +     M - +1 robe of the Original Sin {Str+3}
rNeg   . . .     SustAt   .     (no shield)
rPois  +         Gourm    +     B - +1 hat
rElec  .         Spirit   .     i - +2 cloak {rPois}
rCorr  .         Warding  .     (gloves unavailable)
rMut   .         Stasis   .     (boots unavailable)
MR     .....                    q - amulet of clarity
Stlth  ++........               n - ring of protection from cold
                                y - ring of see invisible

@: drained, not resistant to hostile enchantments, unstealthy
A: unfitting armour, claws 3, berserk 1, clever 1, fast metabolism 3, gourmand,
regeneration 2, shaggy fur 1, tough skin 2, MP-powered wands
a: Minor Destruction, Lesser Servant of Makhleb, Major Destruction, Greater
Servant of Makhleb, Renounce Religion


You were on level 4 of the Lair of Beasts.
You worshipped Makhleb.
Makhleb was exalted by your worship.
You were full.

You visited 2 branches of the dungeon, and saw 15 of its levels.

You collected 685 gold pieces.

Inventory:

Hand weapons
 k - a +1 blowgun
Missiles
 l - 14 poisoned needles
 z - 3 javelins of returning (quivered)
 H - 9 curare-tipped needles
 I - 3 needles of paralysis
Armour
 a - a +1 robe
 i - a +2 cloak of poison resistance (worn)
 B - a +1 hat (worn)
 F - a +0 shield
 G - a +0 shadow dragon armour
 M - the +1 robe of the Original Sin (worn) {Str+3}
   (You found it on level 2 of the Lair of Beasts)

   It affects your strength (+3).
Jewellery
 n - a ring of protection from cold (right claw)
 q - an amulet of clarity (around neck)
 y - a ring of see invisible (left claw)
 P - an uncursed ring of positive energy
Magical devices
 c - a wand of flame (20)
 t - a wand of disintegration (18)
 u - a wand of fire (6)
 C - a wand of cold (8)
 D - a wand of digging (13)
 J - a wand of lightning (8)
 O - a wand of cold (8)
 S - a wand of polymorph (8)
 T - a wand of confusion (8)
Scrolls
 h - 5 scrolls of identify
 m - 4 scrolls of enchant weapon
 r - a scroll of teleportation
 v - 5 scrolls of remove curse
 w - a scroll of enchant armour
 x - a scroll of fear
 E - 2 scrolls of acquirement
 N - a scroll of fog
Potions
 e - 4 potions of curing
 o - a potion of brilliance
 s - a potion of resistance
 A - a potion of agility
 K - a potion of haste {unknown}
 L - a potion of might
 Q - a potion of mutation
Books
 j - an Akashic Record

   Spells                             Type                      Level
   a - Dispersal                      Translocation                6
   b - Controlled Blink               Translocation                7
   c - Malign Gateway                 Summoning/Translocation      7
   d - Disjunction                    Translocation                8
Comestibles
 b - 13 bread rations
 d - 8 fruits
 f - 9 beef jerkies
 g - 10 meat rations
 p - 10 slices of pizza
 R - 4 chunks of flesh


   Skills:
 - Level 7.1(6.9) Fighting
 - Level 2.4(2.1) Dodging
 - Level 1.1(0.9) Stealth
 - Level 12.0(11.7) Unarmed Combat
 - Level 9.5(9.2) Invocations
 + Level 9.8(9.5) Evocations


You had 11 spell levels left.
You didn't know any spells.

Dungeon Overview and Level Annotations

Branches:
Dungeon (11/15)            Temple (0/1) D:7            Lair (4/8) D:8
 Shoals (0/4) Lair:3        Snake (0/4) Lair:3
    Orc: D:9-12

Altars:
Gozag
Makhleb
Xom

Shops:
D:10 *


Innate Abilities, Weirdness & Mutations

You are too large for most types of armour.
You have claws for hands.
Your metabolism is lightning-fast.
You like to eat raw meat.
You heal very quickly.
You are covered in fur (AC +1).
You have very tough skin (AC +2).
You tend to lose your temper in combat.
Your mind is acute. (Int +2)
You expend magic power (3 MP) to strengthen your wands.


Message History

You scratch the blink frog.
The blink frog is moderately wounded.
The blink frog hits you!
* * * LOW HITPOINT WARNING * * *
You miss the blink frog.
The blink frog is moderately wounded.
The blink frog hits you.
* * * LOW HITPOINT WARNING * * *
You miss the blink frog. Your claw misses the blink frog.
The blink frog is moderately wounded.
The blink frog hits you!
* * * LOW HITPOINT WARNING * * *
You claw the blink frog!
Your claw passes through the blink frog as it momentarily phases out.
The blink frog is severely wounded.
The blink frog barely misses you.
You claw the blink frog! You claw the blink frog.
The blink frog is almost dead.
The blink frog hits you!
You die...

###....P# .. ### #.#....#
.#.# #####.####.#...##
...P##P#P............## #
.......)............# #.
.....................
##.####.#................
##..P.##.F................
#........@................
...#..#.................
...##.†...P.............
....###...P#.#..........
..........##..........#.
...........P..........#.
................ ... ♣.
.######..P.#♣♣♣♣ ♣♣ ♣♣
........?.♣ ♣


You could see a blink frog.

Vanquished Creatures
  The ghost of Nico3ck the Blocker, a powerful NaWz of Vehumet (Lair:3)
  Harold (Lair:4)
  Erica (D:9)
  Sonja (Lair:1)
  3 skeletal warriors
  An unseen horror (D:10)
  7 black mambas
  3 komodo dragons
  A spiny frog (Lair:4)
  The ghost of crauler the Poker, an average TeGl (D:3)
  7 blink frogs
  2 deep elf magi
  A hungry ghost (D:8)
  17 yaks
  A basilisk (Lair:2)
  A human (D:10)
  3 hippogriffs
  A mottled dragon (D:11)
  13 wolves (Lair:2)
  5 porcupines
  13 water moccasins
  3 orc warriors
  An ice beast (D:7)
  A black bear (D:8)
  3 sky beasts
  4 centaurs
  2 ogres
  6 crocodiles
  A big kobold (D:7)
  10 giant frogs
  A gnoll sergeant (D:10)
  2 scorpions
  4 wights
  7 killer bees
  6 crimson imps
  A centaur zombie (D:7)
  3 hounds
  11 orc wizards
  A giant frog zombie (D:6)
  3 jellies
  A centaur skeleton (D:6)
  Crazy Yiuf (D:2)
  11 iguanas
  6 orc priests
  Jessica (D:2)
  2 hell rats (Lair:4)
  9 worker ants
  14 sheep
  A hound zombie (D:6)
  A worker ant zombie (D:7)
  5 gnolls (D:10)
  39 river rats
  3 shadow imps
  12 adders
  3 adder skeletons
  An adder zombie (D:6)
  An ooze (D:2)
  4 worms
  3 giant geckos
  34 orcs
  8 bats
  9 goblins
  12 hobgoblins
  10 kobolds
  3 quokkas
  A ball python (Lair:3)
  5 giant cockroaches
  5 giant newts
  19 jackals
  3 rats
381 creatures vanquished.

Vanquished Creatures (collateral kills)
  4 yaks (D:11)
4 creatures vanquished.

Vanquished Creatures (others)
  A centaur (D:6)
  A giant frog (D:6)
  An orc wizard (D:6)
  An iguana (D:6)
  A worker ant (D:6)
  A gnoll (D:6)
  An orc (D:6)
  A giant cockroach (D:6)
  A quokka (D:6)
  3 fungi
12 creatures vanquished.

Grand Total: 397 creatures vanquished

Notes
Turn   | Place    | Note
--------------------------------------------------------------
     0 | D:1      | shakdrar the Troll Monk began the quest for the Orb.
     0 | D:1      | Reached XP level 1. HP: 22/22 MP: 0/0
   130 | D:1      | Reached XP level 2. HP: 29/29 MP: 1/1
   712 | D:2      | Noticed Jessica
   721 | D:2      | Killed Jessica
   721 | D:2      | Reached skill level 5 in Unarmed Combat
   721 | D:2      | Reached XP level 3. HP: 36/36 MP: 2/2
   835 | D:2      | Reached XP level 4. HP: 43/45 MP: 3/3
  1041 | D:2      | Noticed Crazy Yiuf
  1047 | D:2      | Killed Crazy Yiuf
  1191 | D:2      | Reached XP level 5. HP: 50/53 MP: 4/4
  1509 | D:3      | Noticed crauler's ghost (average TeGl)
  1524 | D:3      | Killed crauler's ghost
  1524 | D:3      | Reached skill level 6 in Unarmed Combat
  1524 | D:3      | Reached XP level 6. HP: 19/62 MP: 5/5
  1968 | D:3      | Reached skill level 7 in Unarmed Combat
  2307 | D:4      | Reached XP level 7. HP: 62/70 MP: 6/6
  2435 | D:4      | Found a burning altar of Makhleb.
  2439 | D:4      | Became a worshipper of Makhleb the Destroyer
  2439 | D:4      | Acquired Makhleb's first power
  2439 | D:4      | Acquired Makhleb's second power
  2809 | D:5      | Entered Level 5 of the Dungeon
  3398 | D:5      | Reached skill level 8 in Unarmed Combat
  3673 | D:6      | Reached skill level 5 in Fighting
  3728 | D:6      | Reached XP level 8. HP: 80/80 MP: 7/7
  3775 | D:6      | Found a shimmering altar of Xom.
  3783 | D:6      | Reached skill level 9 in Unarmed Combat
  3940 | D:6      | Found a runed door.
  3967 | D:6      | Found a runed door.
  3971 | D:6      | Acquired Makhleb's third power
  4219 | D:6      | Reached skill level 1 in Invocations
  4628 | D:7      | Acquired Makhleb's fourth power
  4761 | D:7      | Reached XP level 9. HP: 24/88 MP: 11/11
  4882 | D:7      | Reached skill level 5 in Invocations
  5213 | D:7      | You fall through a shaft for 3 floors!
  5213 | D:10     | Entered Level 10 of the Dungeon
  5343 | D:8      | Found a staircase to the Lair.
  5714 | D:7      | Found a staircase to the Ecumenical Temple.
  6053 | D:8      | Acquired Makhleb's fifth power
  6251 | D:8      | Reached skill level 10 in Unarmed Combat
  6848 | D:9      | Noticed Erica
  6858 | D:9      | Killed Erica
  6858 | D:9      | Reached XP level 10. HP: 94/98 MP: 15/15
  6917 | D:10     | Noticed an unseen horror
  6932 | D:10     | Killed an unseen horror
  6980 | D:10     | Found an opulent altar of Gozag.
  7034 | D:10     | Reached skill level 11 in Unarmed Combat
  7147 | D:10     | Noticed a skeletal warrior
  7147 | D:10     | Noticed a skeletal warrior
  7155 | D:10     | Noticed a skeletal warrior
  7159 | D:10     | Killed a skeletal warrior
  7164 | D:10     | Noticed a skeletal warrior
  7215 | D:11     | Killed a skeletal warrior
  7283 | D:11     | Reached skill level 12 in Unarmed Combat
  7507 | D:11     | Noticed a six-headed hydra
  7570 | D:10     | Found Paixom's Assorted Antiques.
  7829 | D:10     | Reached XP level 11. HP: 109/109 MP: 16/16
  7926 | D:10     | Killed a skeletal warrior
  8107 | Lair:1   | Entered Level 1 of the Lair of Beasts
  8202 | Lair:1   | Reached skill level 1 in Evocations
  8266 | Lair:1   | Identified 3 scrolls of acquirement
  8271 | Lair:1   | Noticed Sonja
  8277 | Lair:1   | Killed Sonja
  8377 | Lair:1   | Gained mutation: You tend to lose your temper in combat. [potion of mutation]
  8377 | Lair:1   | Gained mutation: You expend magic power (3 MP) to strengthen your wands. [potion of mutation]
  8377 | Lair:1   | Gained mutation: Your mind is acute. (Int +2) [potion of mutation]
  9033 | Lair:2   | Reached skill level 5 in Evocations
  9741 | Lair:2   | Got a dull robe
  9742 | Lair:2   | Identified the +1 robe of the Original Sin {Str+3} (You found it on level 2 of the Lair of Beasts)
  9914 | Lair:3   | Noticed Nico3ck's ghost (powerful NaWz)
  9964 | Lair:3   | Killed Nico3ck's ghost
  9964 | Lair:3   | Reached XP level 12. HP: 101/118 MP: 7/18
 10241 | Lair:3   | Found a staircase to the Snake Pit.
 10916 | Lair:3   | Found a staircase to the Shoals.
 11163 | Lair:4   | Noticed Harold
 11178 | Lair:4   | Killed Harold
 11522 | Lair:4   | Slain by a blink frog

Vault maps used:
D:1:      sevenhm_arrival_forest_fort_large_2
D:2:      minmay_misc_feat_tower, uniq_crazy_yiuf_cottage, uniq_jessica
D:4:      kennysheep_mini, first_bread
D:5:      st_stairs_10
D:6:      lemuel_insect_pit, serial_column_ruins, column_ruins_circle_small,
          column_ruins_corridor_T, column_ruins_grid_1, column_ruins_grid_1,
          column_ruins_columns_straight, column_ruins_open_small_water,
          xom_confusion_cloud
D:7:      temple_green
D:8:      dpeg_oklobed_lair, grunt_ministairs_15
D:9:      uniq_erica
D:10:     serial_shops, kennysheep_mini_moat, grunt_livestock,
          grunt_gozag_breadcrumbs
D:11:     serial_shops, nicolae_shop_trees
Lair:1:   grunt_megastairs_4, uniq_sonja
Lair:2:   beast_lair_carwin_large_3
Lair:3:   minmay_shoals_entry_centaurs, minmay_snake_entry_six_corridors
Lair:4:   grunt_megastairs_3, serial_bayou_shore_a, bh_autumn_forest_stairs,
          uniq_harold

Action                   |  1- 3 |  4- 6 |  7- 9 | 10-12 || total
-------------------------+-------+-------+-------+-------++-------
Melee: Unarmed           |    73 |   162 |   383 |   665 ||  1283
 Fire: Blowgun           |       |       |       |     1 ||     1
Invok: Lesser Servant of |       |       |       |     3 ||     3
Evoke: Wand              |       |       |       |     4 ||     4
  Use: Potion            |     4 |     2 |     5 |     5 ||    16
       Scroll            |     2 |     3 |    11 |    12 ||    28
 Stab: Sleeping          |     2 |     2 |     4 |     7 ||    15
       Distracted        |       |       |       |     3 ||     3
  Eat: Chunk             |    13 |    10 |    38 |    40 ||   101
       Bread ration      |       |       |       |     2 ||     2
